 Dungeon Crawl Stone Soup version 0.32-a0-614-gd166fa89d2 (webtiles) character file.

Game seed: 6874119766410213808

294 kae the Slasher (level 6, -2/44 HPs)
             Began as a Coglin Gladiator on Mar 5, 2024.
             Splashed by a jelly's acid (4 damage)
             ... on level 4 of the Dungeon.
             The game lasted 00:02:25 (2931 turns).

kae the Slasher (Coglin Gladiator)                  Turns: 2931, Time: 00:02:26

Health: -2/44      AC: -8    Str: 15    XL:     6   Next: 33%
Magic:  6/6        EV: 12    Int:  7    God:
Gold:   175        SH:  0    Dex: 17    Spells: 5/5 levels left

rFire   . . .        a - +0 long sword {Yvonne}
rCold   . . .        f - +0 dagger {Imanvir}
rNeg    . . .        b - +0 leather armour
rPois   .            c - +0 helmet
rElec   .            (no cloak)
rCorr   .            (no gloves)
SInv    .            (no boots)
Will    .....        (amulet unavailable)
Stlth   +            (ring unavailable)
HPRegen 0.27/turn    (ring unavailable)
MPRegen 0.10/turn    (no gizmo)

%: no passive effects
@: corroded, revved
A: off-hand wielding, slow wielding, warmup strikes, no jewellery
a: Invent Gizmo


You were on level 4 of the Dungeon.
You visited 1 branch of the dungeon, and saw 4 of its levels.

You collected 227 gold pieces.
You spent 52 gold pieces at shops.


Innate Abilities, Weirdness & Mutations

You can wield a second weapon in your off-hand.
It takes a long time for you to wield or remove held weapons.
Your first few attacks do less damage.
You cannot equip rings or amulets.


   Skills:
 - Level 2.0 Fighting
 + Level 6.9 Long Blades
 - Level 1.7 Throwing
 - Level 2.6 Dodging


You had 5 spell levels left.
You didn't know any spells.
Your spell library contained the following spells:

 Spells                   Type           Power      Damage    Failure   Level
 Jinxbite                 Hex            0%         N/A       65%         2
 Gell's Gravitas          Tloc           0%         N/A       86%         3
 Hailstorm                Conj/Ice       0%         3d5       86%         3
 Summon Ice Beast         Ice/Summ       0%         N/A       86%         3
 Teleport Other           Tloc           0%         N/A       86%         3
 Summon Blazeheart Golem  Fire/Summ      0%         N/A       99%         4
 Yara's Violent Unravell  Hex/Alch       0%         3d3       100%        5
 Dispersal                Tloc           0%         N/A       100%        6
 Sculpt Simulacrum        Ice/Alch       0%         N/A       100%        6
 Enfeeble                 Hex            0%         N/A       100%        7
 Orb of Destruction       Conj           0%         9d5       100%        7
 Spellforged Servitor     Conj/Summ      0%         N/A       100%        7

Inventory:

Hand Weapons
 a - a +0 long sword (weapon) {Yvonne}
 f - a +0 dagger (offhand) {Imanvir}
Missiles
 d - 3 throwing nets (quivered) {=f!f}
 e - a javelin
 h - 50 stones
Armour
 b - a +0 leather armour (worn)
 c - a +0 helmet (worn)
Jewellery
 w - the ring of Serendipity {rPois rF++ Dex+2 Slay-3}
   (You found it on level 3 of the Dungeon)

   [ring of poison resistance]

   Dex+2:     It affects your dexterity (+2).
   Slay-3:    It affects your accuracy & damage with ranged weapons and melee
   (-3).
   rF++:      It greatly protects you from fire.
   rPois:     It protects you from poison.
Wands
 t - a wand of polymorph (12)
   (You found it on level 3 of the Dungeon)
Scrolls
 g - 2 scrolls of vulnerability {unknown}
 i - 2 scrolls of enchant weapon {unknown}
 j - a scroll of amnesia {unknown}
 l - a scroll of revelation {unknown}
 q - a scroll of noise {unknown}
 u - 2 scrolls of fear {unknown}
 v - 2 scrolls of identify {unknown}
 x - a scroll of blinking {unknown}
 y - a scroll of fog {unknown}
Potions
 k - 2 potions of degeneration {!q}
 m - a potion of curing {@q1}
 n - a potion of resistance {unknown}
 o - a potion of cancellation {unknown}
 p - a potion of heal wounds {@q2}
 r - a potion of attraction {unknown}
 s - a potion of mutation {unknown}
 z - a potion of invisibility {unknown}

Dungeon Overview and Level Annotations

Branches:
Dungeon (4/15) Zot: 21068
 Temple: D:4-7

Altars:
Ashenzari
Hepliaklqana

Shops:
D:1 :   D:2 !   D:3 [

Annotations:
D:3 3 runed translucent doors, KimchiStew's ghost, amateur CoHu

#........#...'...........
.####....#...#...........
....#....#...#.........##
....'....#..[#.........#
....#....#...'.........#
#####....#...#.........#
.........#...###'#.....#
.........#...#...#.....#
.........#...#..@# ....
.........######.J# .[.
#####....# #..# #. #....#
.... #....# ..... #....#
....... ####....#
######## #....#### #....#


You could see a jelly.


Message History

😱 HP[-6]
You take 6 damage, and now have 5/44 hp.
You hit something but do no damage.
You closely miss something with your +0 long sword.
Something barely misses you.
Unknown command.
You miss something with your +0 dagger.
You barely miss something with your +0 long sword.
It was a potion of heal wounds.
You feel much better. Something hits you. 😮 HP[+26]
You regained 26 hp, and now have 31/44 hp.
You hit something with your +0 long sword.
You hit something with your +0 dagger. Something hits you. 😮 HP[-1]
You take 1 damage, and now have 30/44 hp.
Unknown command.
You slash something with your +0 long sword!
Reactivating autopickup.
You feel a bit more experienced.
There is an open door, spattered with blood here.
Things that are here:
a +0 dagger; a +0 robe; an orc corpse Unknown command. 😮 HP[+1]
You start resting. 😕 HP[+6]
You regained 6 hp, and now have 37/44 hp.
You open the door.
There is an open door here.
y - a scroll labelled QOICZA BOPRADI 😎 HP[+7]
Your hp is fully restored (44).
You open the door.
There is an open door here.
v - 2 scrolls labelled OBUOCY CUROTERR (gained 1)
You open the door.
There is an open door here.
Found a stone staircase leading up.
You hear a distant slurping noise.
You hear a squelching noise.
You hear a distant slurping noise.
There is an open door here.
There is an open door here.
You hear a distant slurping noise.
You open the door.
There is an open door here.
You see here a +0 pair of boots.
You open the door.
There is an open door here.
As you open the door, it creaks loudly!
A jelly comes into view.
You hear a shout!
A jelly is nearby!
A jelly is nearby!
A jelly is nearby!
There is an open door here.
The jelly hits you but does no damage.
You hit the jelly with your +0 long sword.
The acid corrodes you!
Your graspers burn!
You completely miss the jelly with your +0 dagger.
The jelly misses you. 😕 HP[-2]
You take 2 damage, and now have 42/44 hp.
A jelly is nearby!
You hit the jelly but do no damage.
Your graspers burn!
You hit the jelly with your +0 dagger.
Your graspers burn!
The jelly hits you.
You are splashed with acid!
You are too injured to fight recklessly! 😮 HP[-18]
You take 18 damage, and now have 24/44 hp.
MASSIVE DAMAGE!! (PAUSE)
A jelly is nearby!
Unknown command.
You hit the jelly but do no damage. The acid corrodes you!
Your graspers burn!
* * * LOW HITPOINT WARNING * * *
You hit the jelly with your +0 long sword.
The acid corrodes you!
Your graspers burn!
* * * LOW HITPOINT WARNING * * *
The jelly closely misses you.
Unknown command. 😨 HP[-4]
You take 4 damage, and now have 20/44 hp.
You hit the jelly but do no damage.
Your graspers burn!
* * * LOW HITPOINT WARNING * * *
You hit the jelly but do no damage.
Your graspers burn!
* * * LOW HITPOINT WARNING * * *
The jelly closely misses you. 😨 HP[-7]
You take 7 damage, and now have 13/44 hp.
Unknown command.
You hit the jelly but do no damage.
Your graspers burn!
* * * LOW HITPOINT WARNING * * *
You hit the jelly but do no damage.
Your graspers burn!
* * * LOW HITPOINT WARNING * * *
The jelly closely misses you. 😱 HP[-6]
You take 6 damage, and now have 7/44 hp.
You hit the jelly but do no damage.
Your graspers burn!
* * * LOW HITPOINT WARNING * * *
You hit the jelly but do no damage.
Your graspers burn!
You die...

Skill      XL: |  1  2  3  4 |
---------------+-------------+-----
Long Blades    | 4 6 |  6.9
Fighting       | |  2.0
Throwing       | |  1.7
Dodging        | |  2.6

Action                     |  1- 3 |  4- 6 || total
---------------------------+-------+-------++-------
  Melee: Long sword        |    71 |   107 ||   178
         Dagger            |    64 |    96 ||   160
    Use: Scroll            |       |     1 ||     1
         Potion            |       |     1 ||     1
   Stab: Sleeping          |     5 |     1 ||     6
 Armour: Leather armour    |    34 |    77 ||   111
  Dodge: Dodged            |    48 |    57 ||   105

Levels and vault maps discovered:
D:1:      dpeg_arrival_rooms_a, layout_basic, shapermc_ecumenical_altar_ellora,
          serial_shops, nicolae_shop_hallway_stairs
D:2:      layout_rooms, basic_altar, serial_shops, nicolae_shop_crystal,
          minmay_tripent
D:3:      layout_basic, lemuel_tele_altar, serial_shops, shop,
          gammafunk_ghost_necromancy, grunt_ministairs_8
D:4:      layout_gridville

Notes
Turn   | Place    | Note
-------+----------+-------------------------------------------
     0 | D:1      | kae the Coglin Gladiator began the quest for the Orb.
     0 | D:1      | Reached XP level 1. HP: 16/16 MP: 1/1
     0 | D:1      | magus.rc [v1.11.3]
   137 | D:1      | Reached XP level 2. HP: 21/22 MP: 2/2
   247 | D:1      | Found Nics's Book Emporium.
   284 | D:1      | Found a faded altar of an unknown god.
   365 | D:1      | Reached skill level 4 in Long Blades
   444 | D:1      | Reached XP level 3. HP: 27/27 MP: 3/3
   530 | D:1      | You pick up a book of the Tundra and begin reading...
   530 | D:1      | You add the spells Hailstorm, Summon Ice Beast and Sculpt
                  | Simulacrum to your library.
   697 | D:1      | You add the spells Gell's Gravitas, Teleport Other and
                  | Dispersal to your library.
   810 | D:1      | You pick up a book of Misfortune and begin reading...
   810 | D:1      | You add the spells Jinxbite, Yara's Violent Unravelling and
                  | Enfeeble to your library.
  1109 | D:2      | Found Zozuxt's Distillery.
  1118 | D:2      | Reached XP level 4. HP: 33/33 MP: 4/4
  1122 | D:2      | Bought a potion of curing for 39 gold pieces
  1122 | D:2      | Bought a potion of degeneration for 13 gold pieces
  1267 | D:2      | Found a hazy altar of Hepliaklqana.
  1293 | D:2      | Reached skill level 5 in Long Blades
  1623 | D:3      | Found a runed translucent gate.
  1624 | D:3      | Found a runed translucent gate.
  1624 | D:3      | Found a runed translucent gate.
  1627 | D:3      | You pick up a book of Dangerous Friends and begin
                  | reading...
  1627 | D:3      | You add the spells Summon Blazeheart Golem, Orb of
                  | Destruction and Spellforged Servitor to your library.
  1629 | D:3      | Noticed KimchiStew's ghost (amateur CoHu)
  1671 | D:3      | Noticed a sky beast
  1684 | D:3      | Killed a sky beast
  1685 | D:3      | Reached skill level 6 in Long Blades
  1685 | D:3      | Reached XP level 5. HP: 29/38 MP: 5/5
  1734 | D:3      | Found a broken altar of Ashenzari.
  2091 | D:3      | Found Jask's Antique Armour Shop.
  2150 | D:3      | Identified the ring of Serendipity {rPois rF++ Dex+2
                  | Slay-3}
  2172 | D:3      | Reached XP level 6. HP: 40/44 MP: 6/6
  2735 | D:4      | HP: 11/44 [something (2)]
  2738 | D:4      | HP: 5/44 [something/magic dart (6)]
  2930 | D:4      | HP: 10/44 [acid (3)]
  2931 | D:4      | HP: 2/44 [acid (5)]
  2931 | D:4      | Splashed by a jelly's acid

Vanquished Creatures
  A sky beast (D:3)
  An orc priest (D:4)
  An iguana (D:3)
  An orc wizard (D:4)
  3 adders
  4 dart slugs
  A ribbon worm (D:3)
  4 orcs
  9 ball pythons
  6 endoplasms
  4 giant cockroaches
  8 goblins
  9 hobgoblins
  4 quokkas
  7 bats
  2 frilled lizards
  9 kobolds
  8 rats
82 creatures vanquished.

Table legend:
 A = Non-vault XP
 B = Vault XP
 C = Vault XP percentage of total XP
 D = Non-vault monster count
 E = Vault monster count
 F = Vault count percentage of total count
                 A         B        C        D         E       F
            +---------+---------+-------+---------+---------+-------
      Total |     412 |       8 |   1.9 |      78 |       4 |   4.9
            +---------+---------+-------+---------+---------+-------
        D:1 |      50 |       0 |   0.0 |      28 |       0 |   0.0
        D:2 |      65 |       4 |   5.8 |      25 |       2 |   7.4
        D:3 |     206 |       4 |   1.9 |      16 |       2 |  11.1
        D:4 |      91 |       0 |   0.0 |       9 |       0 |   0.0
            +---------+---------+-------+---------+---------+-------

Skill      XL: |  1  2  3  4 |
---------------+-------------+-----
Long Blades    | 4 6 |  6.9
Fighting       | |  2.0
Throwing       | |  1.7
Dodging        | |  2.6

Action                     |  1- 3 |  4- 6 || total
---------------------------+-------+-------++-------
  Melee: Long sword        |    71 |   107 ||   178
         Dagger            |    64 |    96 ||   160
    Use: Scroll            |       |     1 ||     1
         Potion            |       |     1 ||     1
   Stab: Sleeping          |     5 |     1 ||     6
 Armour: Leather armour    |    34 |    77 ||   111
  Dodge: Dodged            |    48 |    57 ||   105

Illustrated notes

Table legend:
 A = Kills in this place as a percentage of kills in the entire game.
 B = Kills by you in this place as a percentage of kills by you in the entire game.
 C = Kills by friends in this place as a percentage of kills by friends in the entire game.
 D = Other kills in this place as a percentage of other kills in the entire game.
 E = Experience gained in this place as a percentage of experience gained in the entire game.
 F = Experience gained in this place divided by the number of levels of this place that you have seen.
                   A       B       C       D       E      F
               +-------+-------+-------+-------+-------+----------------------
         Total | 100.0 | 100.0 |   N/A |   N/A | 100.0 | 105.0
       Dungeon | 100.0 | 100.0 |   N/A |   N/A | 100.0 | 105.0
               +-------+-------+-------+-------+-------+----------------------

Table legend: (Time is in decaauts)
 A = Elapsed time spent in this place.
 B = Non-inter-level travel time spent in this place.
 C = Inter-level travel time spent in this place.
 D = Time resting spent in this place.
 E = Time spent auto-exploring this place.
 F = Levels seen in this place.
 G = Mean time per level.
                   A        B        C        D        E       F      G
               +--------+--------+--------+--------+--------+-----+--------+
         Total |   2931 |   2832 |     99 |     72 |   2265 |   4 |  732.8 |
       Dungeon |   2931 |   2832 |     99 |     72 |   2265 |   4 |  732.8 |
               +--------+--------+--------+--------+--------+-----+--------+

Top non-repeatable levels by time:
     D:3: 1030 daAuts
     D:1: 929 daAuts
     D:2: 589 daAuts
     D:4: 382 daAuts
